 Dungeon Crawl Stone Soup version 0.23.2-30-g0e89c35649 (webtiles) character file.

Game seed: 14219137372891268260

1466 Gemesel2 the Grappler (level 8, -4/78 HPs)
             Began as a Troll Monk on June 7, 2019.
             Was a Priest of Trog.
             Slain by a hog (6 damage)
             ... on level 7 of the Dungeon.
             The game lasted 00:13:43 (3433 turns).

Gemesel2 the Grappler (Troll Monk)                  Turns: 3433, Time: 00:13:44

Health: -4/78      AC:  6    Str: 22    XL:     8   Next: 48%
Magic:  7/7        EV: 12    Int:  6    God:    Trog [***...]
Gold:   297        SH:  0    Dex: 15    Spells: 7/7 levels left

rFire    . . .     SeeInvis .     - Unarmed
rCold    . . .     Gourm    +   (no shield)
rNeg     . . .     Faith    .   a - +0 robe
rPois    .         Spirit   .   (helmet restricted)
rElec    .         Reflect  .   (no cloak)
rCorr    .         Harm     .   (gloves unavailable)
MR       .....                  (boots unavailable)
Stlth    ++........             s - amulet of regeneration
HPRegen  1.03/turn              w - +3 ring of dexterity
MPRegen  0.10/turn              (no ring)

@: no status effects
A: large, unfitting armour, claws 3, fast metabolism 3, gourmand, regeneration
1, shaggy fur 1, tough skin 3
a: Berserk, Trog's Hand, Renounce Religion


You were on level 7 of the Dungeon.
You worshipped Trog.
Trog was most pleased with you.
You were completely stuffed.

You visited 1 branch of the dungeon, and saw 6 of its levels.

You collected 297 gold pieces.

Inventory:

Armour
 a - a +0 robe (worn)
Jewellery
 s - an amulet of regeneration (around neck)
 w - a +3 ring of dexterity (left claw)
Wands
 v - a wand of acid (8)
 x - a wand of flame (13)
Scrolls
 d - a scroll of fog {unknown}
 e - 6 scrolls of identify {unknown}
 i - a scroll of random uselessness {unknown}
 j - 2 scrolls of amnesia {unknown}
 k - a scroll of enchant armour {unknown}
 l - a scroll of fear {unknown}
 m - a scroll of blinking {unknown}
 n - 4 scrolls of teleportation {unknown}
 p - a scroll of noise {unknown}
 t - a scroll of enchant weapon {unknown}
 u - a scroll of magic mapping {unknown}
Potions
 c - a potion of degeneration {unknown}
 f - 2 potions of heal wounds {unknown}
 g - 2 potions of magic {unknown}
 h - 3 potions of haste {unknown}
 q - a potion of ambrosia {unknown}
 r - a potion of might {unknown}
 z - a potion of mutation {unknown}
 A - a potion of lignification {unknown}
Comestibles
 b - 11 rations
 o - 3 chunks of flesh


   Skills:
 + Level 3.6 Fighting
 + Level 4.3 Dodging
 + Level 2.3 Stealth
 + Level 8.9 Unarmed Combat


You had 7 spell levels left.
You didn't know any spells.
Your spell library was empty.

Dungeon Overview and Level Annotations

Branches:
Dungeon (5/15)             Temple (0/1) D:4

Altars:
Elyvilon
Fedhas
Qazlal
Trog
Uskayaw
Yredelemnul

Annotations:
D:5 1 runed translucent door, Crazy Yiuf


Innate Abilities, Weirdness & Mutations

You are too large for most types of armour.
You have claws for hands.
Your metabolism is lightning-fast.
You like to eat raw meat.
Your natural rate of healing is unusually fast.
You are covered in fur. (AC +1)
You have extremely tough skin. (AC +3)


Message History

The human is heavily wounded.
The hog bites you but does no damage. The hog closely misses you.
The human hits you with a +0 hand axe.
* * * LOW HITPOINT WARNING * * *
You scratch the human.
The human is severely wounded.
The hog misses you. The hog bites you.
* * * LOW HITPOINT WARNING * * *
The human closely misses you.
You closely miss the human.
The human is severely wounded.
The hog bites you.
* * * LOW HITPOINT WARNING * * *
The hog bites you!
* * * LOW HITPOINT WARNING * * *
You mangle the human!!
You kill the human!
Trog accepts your kill. The hog bites you.
You die...

#..# ##...............# #..#
##.......####.... ##..#
##.>.....# ##...
##...#####........# ##..
###.................## ##.
#..................))## ##
#............#####.)[)######
##........#'########........
####.(.###@h#..# ##.......
##### #)h#..# ###.....
#hh'..# ###... #%.#.!# ##..
#%%#..# ######..
###############...(...
##...########..........
##................).....
##..............#########


You could see 4 hogs.

Vanquished Creatures
  A human (D:7)
  An orc warrior (D:7)
  A sky beast (D:5)
  A phantom (D:4)
  2 ogres
  A centaur (D:7)
  2 bullfrogs (D:7)
  A scorpion (D:7)
  2 howler monkeys
  2 jellies
  2 orc priests
  2 orc wizards (D:7)
  A bullfrog skeleton (D:4)
  An iguana (D:4)
  6 worker ants
  A hound skeleton (D:4)
  5 adders
  A shadow imp (D:5)
  An ooze (D:3)
  2 adder skeletons (D:4)
  4 worms
  2 dart slugs
  2 leopard geckos (D:3)
  10 orcs
  6 giant cockroaches
  7 goblins
  9 hobgoblins
  5 jackals
  12 kobolds
  2 quokkas
  14 bats
  7 frilled lizards
  A quokka zombie (D:5)
  6 rats
  A spectral orc (D:2)
124 creatures vanquished.

Notes
Turn   | Place    | Note
-------+----------+-------------------------------------------
     0 | D:1      | Gemesel2 the Troll Monk began the quest for the Orb.
     0 | D:1      | Reached XP level 1. HP: 22/22 MP: 0/0
    49 | D:1      | Reached XP level 2. HP: 29/29 MP: 1/1
   402 | D:2      | Reached XP level 3. HP: 34/36 MP: 2/2
   553 | D:2      | Found a hide-covered altar of Uskayaw.
   629 | D:2      | Noticed a moth of wrath
   639 | D:2      | Found a bloodstained altar of Trog.
   658 | D:2      | HP: 1/36 [worm (8)]
   672 | D:2      | Became a worshipper of Trog the Wrathful
   672 | D:2      | Reached * piety under Trog
   672 | D:2      | Reached ** piety under Trog
  1010 | D:2      | Found a basalt altar of Yredelemnul.
  1062 | D:3      | Noticed a water elemental
  1065 | D:3      | Noticed an air elemental
  1066 | D:3      | Found a stormy altar of Qazlal.
  1068 | D:3      | Noticed an earth elemental
  1068 | D:3      | Noticed a fire elemental
  1125 | D:3      | Reached XP level 4. HP: 41/44 MP: 3/3
  1155 | D:3      | Reached skill level 4 in Unarmed Combat
  1242 | D:3      | Found a white marble altar of Elyvilon.
  1535 | D:3      | Found a blossoming altar of Fedhas.
  2248 | D:4      | Reached XP level 5. HP: 48/52 MP: 4/4
  2258 | D:4      | Noticed a phantom
  2260 | D:4      | Reached *** piety under Trog
  2273 | D:4      | Killed a phantom
  2273 | D:4      | Reached skill level 5 in Unarmed Combat
  2273 | D:4      | Reached XP level 6. HP: 51/59 MP: 5/5
  2433 | D:4      | Found a staircase to the Ecumenical Temple.
  2456 | D:4      | Reached skill level 6 in Unarmed Combat
  2637 | D:5      | Entered Level 5 of the Dungeon
  2653 | D:5      | Found a runed translucent door.
  2654 | D:5      | Noticed Crazy Yiuf
  2779 | D:5      | Noticed a sky beast
  2785 | D:5      | Killed a sky beast
  2785 | D:5      | Reached XP level 7. HP: 59/67 MP: 6/6
  2975 | D:5      | Reached skill level 7 in Unarmed Combat
  2997 | D:4      | You fall through a shaft for 3 floors!
  3125 | D:7      | Reached XP level 8. HP: 59/75 MP: 7/7
  3131 | D:7      | Reached skill level 8 in Unarmed Combat
  3432 | D:7      | HP: 1/75 [hog (8)]
  3433 | D:7      | Slain by a hog

Skill      XL: |  1  2  3  4  5  6  7  8 |
---------------+-------------------------+-----
Dodging        | 3 4 |  4.3
Unarmed Combat | 4 5 6 7 8 |  8.9
Fighting       | 3 |  3.6
Stealth        | 2 |  2.3

Action                   |  1- 3 |  4- 6 |  7- 9 || total
-------------------------+-------+-------+-------++-------
Melee: Unarmed           |   138 |   100 |    86 ||   324
       Punch             |     2 |       |     4 ||     6
 Stab: Sleeping          |     2 |     2 |       ||     4
  Eat: Chunk             |    14 |    17 |     6 ||    37
Armor: Robe              |    69 |    31 |    18 ||   118
Dodge: Dodged            |    93 |    48 |    60 ||   201
